AoeStats
← a4rkangel

Arabia

503934532Analyzed
1v1 RM · 29d ago on Sep 3, 2026· 38m 11s· 2 players
Game mode
Random Map
Map size
Tiny (2 player)
Population
200
Speed
Normal
Resources
Standard
Victory
Conquest
Starting age
Dark Age
Ending age
Imperial Age
RankedLock teamsTeams togetherTeam positionsShared explorationLock speedFull tech treeHidden civsTurbo modeCheats
Victory
Defeat
🇨🇱 Magyars · Chile
681
+16
🇦🇷 Sicilians · Argentina
689
-16
a4rkangel
8:05 Loom
10:35 Feudal Age
10:41 Man-at-Arms
22:37 Castle Age
21:45 Scale Mail Armor
22:21 Horse Collar
22:33 Gold Mining
23:27 Long Swordsman
24:16 Arson
26:15 Chain Mail Armor
35:19 Gold Shaft Mining
34:48 Light Cavalry
35:49 Double-Bit Axe
pedrowelsh2003
10:06 Feudal Age
10:36 Double-Bit Axe
10:37 Horse Collar
19:16 Wheelbarrow
22:31 Castle Age
23:22 Bow Saw
24:45 Gold Mining
24:46 Stone Mining
26:09 Hand Cart
26:31 Gold Shaft Mining
28:21 Heavy Plow
33:52 Gambesons
33:29 Man-at-Arms
36:24 Long Swordsman
Connection lost

Rejoining the realm…

Still unreachable

The connection could not be restored.

Session expired

The server has moved on; the page needs a fresh start.